Map: Jagannatha LE

Players

ViBE - Winner!

  • Race: Terran Terran
  • League: Gold
  • Spawn Location: 7:00

KillaKat

  • Race: Zerg Zerg
  • League: Gold
  • Spawn Location: 1:00

VOD

Have the link to the VOD?

Description

Time

  • Played on: March 21, 2021, 7:53 p.m.
  • Length: 13:46
Show
View Real Time Build Order
Export as new Build Order

ViBE Terran - Winner!

Build Orders:  

Get SALT Encoding   

  12  0:00  SCV  
  13  0:12  SCV  
  14  0:18  Supply Depot  
  14  0:24  SCV  
  15  0:39  SCV  
  15  0:41  Barracks  
  16  0:48  Refinery  
  16  0:52  SCV  
  17  1:05  SCV  
  18  1:17  SCV  
  19  1:29  Orbital Command  
  19  1:30  Marine  
  20  1:44  Command Center  
  20  1:51  Marine  
  21  1:55  Supply Depot  
  21  1:59  SCV  
  21  2:15  Marine  
  21  2:22  Bunker  
  22  2:23  SCV  
  22  2:27  Factory  
  23  2:36  SCV  
  24  2:43  Barracks Reactor  
  24  2:48  SCV  
  25  2:56  Orbital Command  
  25  3:01  Supply Depot  
  25  3:06  SCV  
  25  3:12  Factory Tech Lab, Barracks  
  26  3:18  SCV  
  27  3:21  Marine x2  
  27  3:22  SCV  
  30  3:29  Refinery  
  30  3:30  SCV, Supply Depot  
  30  3:33  Siege Tank  
  34  3:36  SCV  
  35  3:42  SCV  
  36  3:48  SCV  
  36  3:52  Supply Depot  
  36  3:54  SCV  
  36  3:55  Marine x2  
  39  4:00  SCV  
  41  4:06  SCV  
  42  4:12  SCV, Siege Tank  
  42  4:14  Barracks Tech Lab  
  46  4:17  Supply Depot  
  46  4:18  SCV  
  46  4:22  Starport  
  47  4:25  SCV  
  47  4:30  SCV  
  49  4:32  Marine x3  
  49  4:37  SCV  
  53  4:40  Supply Depot  
  53  4:42  SCV  
  54  4:49  SCV  
  55  4:55  SCV  
  55  4:58  Marine x3, Stimpack  
  59  5:00  Starport Reactor  
  59  5:01  SCV  
  59  5:07  SCV, Supply Depot  
  61  5:08  Refinery  
  61  5:11  Refinery, Siege Tank  
  61  5:13  SCV  
  65  5:19  SCV  
  66  5:23  Command Center  
  66  5:25  SCV  
  66  5:27  Engineering Bay x2  
  67  5:30  Supply Depot  
  67  5:31  SCV  
  68  5:37  SCV  
  69  5:43  SCV  
  69  5:49  SCV, Marine x2  
  73  5:50  Marine  
  73  5:51  Siege Tank  
  73  5:52  Medivac  
  73  5:55  SCV  
  80  6:01  SCV  
  72  6:07  SCV, Marine x2  
  72  6:11  Marine  
  67  6:13  SCV  
  64  6:19  SCV  
  64  6:25  Marine x2, Siege Tank  
  70  6:26  SCV  
  70  6:31  SCV  
  72  6:35  Marine  
  72  6:37  Starport Reactor  
  72  6:40  Barracks x2  
  72  6:43  Barracks x2, Marine x2  
  73  6:51  SCV x2  
  75  7:09  Marine x2  
  75  7:10  Marine, Siege Tank  
  81  7:18  Orbital Command  
  81  7:27  Medivac x2  
  81  7:29  Marine x2  
  87  7:32  Barracks Reactor x4  
  87  7:45  Supply Depot  
  87  7:47  Supply Depot  
  87  8:00  Marine x3  
  87  8:02  Medivac x2  
  87  8:04  Orbital Command  
  87  8:05  Terran Infantry Armor Level 1, Terran Infantry Weapons Level 1  
  94  8:09  Armory, Marine x8  
  102  8:18  Marine x3  
  105  8:27  Marine x8  
  105  8:29  Command Center  
  113  8:36  Marine x3  
  116  8:44  Marine  
  116  8:45  Marine x7  
  124  8:51  SCV x2  
  124  8:52  SCV  
  124  8:54  Marine x3  
  130  9:02  Command Center  
  130  9:03  SCV, Supply Depot x2  
  130  9:05  Marine x2, Supply Depot  
  130  9:07  Terran Vehicle Weapons Level 1  
  133  9:24  Marine x7  
  133  9:26  Supply Depot  
  133  9:27  SCV, Supply Depot  
  133  9:28  SCV x2  
  143  9:42  SCV x2, Marine  
  143  9:43  Marine x10  
  143  9:44  Thor  
  162  9:45  Medivac x2  
  166  9:55  Supply Depot  
  166  9:56  Supply Depot  
  166  9:58  Refinery  
  166  10:00  Refinery, Marine, Supply Depot  
  166  10:01  Marine x3  
  170  10:12  Marine  
  170  10:13  Marine x6  
  177  10:16  Medivac  
  177  10:17  Medivac  
  177  10:18  Marine x2  
  183  10:27  Thor  
  189  10:30  Barracks  
  189  10:31  Barracks  
  179  10:37  Marine x9  
  179  10:38  Marine x2  
  190  10:43  Missile Turret  
  190  10:45  Missile Turret  
  190  10:46  Medivac  
  190  10:47  Medivac  
  190  10:49  Missile Turret  
  191  10:53  Missile Turret  
  191  10:55  Marine x3  
  190  11:02  Marine x5  
  192  11:10  Terran Infantry Armor Level 2, Terran Infantry Weapons Level 2, Thor  
  198  11:11  Terran Vehicle Weapons Level 2  
  198  11:15  Combat Shield  
  198  11:24  Marine x2  
  195  11:43  Planetary Fortress, Missile Turret  
  195  11:49  Command Center  
  195  11:50  SCV x3, Missile Turret  
  198  12:02  SCV x2  
  198  12:04  Missile Turret  
  200  12:08  Missile Turret  
  200  12:10  Missile Turret  
  200  12:12  Missile Turret  
  200  12:13  Missile Turret  
  200  12:14  Missile Turret  
  200  12:16  Missile Turret  
  200  12:18  Missile Turret  
  200  12:26  Missile Turret  
  200  12:37  Marine  
  200  12:39  Missile Turret  
  194  12:55  SCV x4  
  198  13:02  Planetary Fortress  
  198  13:07  SCV x2  
  198  13:10  Command Center  
  198  13:12  Barracks Reactor x2  
  198  13:18  SCV x2  
  198  13:19  SCV x2  
  191  13:30  SCV x2  
Show
View Real Time Build Order
Export as new Build Order

KillaKat Zerg 

Build Orders: 1 Base Baneling Bust, Pool First, Muta Ling Bane 

Get SALT Encoding   

  12  0:20  Spawning Pool  
  11  0:26  Drone, Extractor  
  11  0:30  Drone  
  12  0:39  Overlord  
  12  0:45  Drone  
  13  0:51  Drone  
  14  1:22  Baneling Nest  
  13  1:28  Drone  
  14  1:40  Hatchery  
  14  1:46  Zergling x2  
  14  1:47  Zergling x2  
  14  1:51  Zergling x2  
  16  2:04  Drone  
  17  2:17  Metabolic Boost  
  17  2:19  Drone x2  
  19  2:31  Drone  
  19  2:35  Queen  
  22  2:45  Overlord  
  22  2:52  Drone  
  22  2:53  Drone  
  24  3:07  Zergling x4  
  26  3:13  Zergling x2  
  26  3:14  Zergling x2  
  28  3:25  Queen  
  30  3:31  Lair  
  30  3:33  Drone x2  
  32  3:34  Drone  
  32  3:38  Drone  
  34  3:59  Baneling x3  
  34  4:01  Overlord x2  
  34  4:02  Overlord x2  
  34  4:12  Overlord  
  34  4:19  Drone  
  34  4:21  Drone x3  
  38  4:25  Extractor  
  38  4:30  Extractor  
  36  4:39  Drone  
  36  4:40  Drone x6  
  43  4:53  Zergling x2  
  43  4:54  Zergling x2, Nydus Network  
  44  5:02  Zergling x6  
  44  5:06  Zergling x4  
  49  5:10  Zergling x4  
  49  5:12  Zergling x2  
  52  5:18  Zergling x4  
  54  5:26  Baneling  
  54  5:27  Baneling x4  
  54  5:28  Zergling x2  
  54  5:29  Zergling x2  
  54  5:30  Zergling x2  
  57  5:36  Nydus Canal  
  57  5:38  Zergling x6  
  57  5:40  Zergling x2  
  62  5:42  Zergling x2  
  62  5:49  Zergling x4  
  45  6:14  Zergling x2  
  45  6:15  Zergling x8  
  45  6:16  Zergling x2  
  47  6:23  Zergling x4  
  47  6:27  Zergling x2  
  38  6:55  Drone x2, Spire  
  38  6:56  Drone x5  
  44  7:02  Spore Crawler  
  44  7:06  Drone x2  
  44  7:07  Drone x3  
  48  7:12  Hatchery  
  48  7:14  Spore Crawler  
  48  7:15  Extractor, Drone  
  46  7:18  Drone  
  46  7:20  Extractor  
  46  7:26  Hydralisk Den  
  46  7:29  Drone x2  
  48  7:30  Drone x3  
  50  7:39  Drone x2  
  52  8:07  Mutalisk x2  
  52  8:08  Hatchery, Mutalisk x4  
  52  8:12  Zerg Flyer Weapons Level 1  
  63  8:20  Evolution Chamber  
  63  8:23  Drone x3, Evolution Chamber  
  63  8:24  Drone  
  65  8:32  Drone x3  
  68  8:34  Drone x2  
  68  8:35  Drone  
  68  8:37  Drone  
  68  8:39  Drone  
  68  8:40  Drone  
  74  8:45  Centrifical Hooks  
  74  9:06  Overlord x4  
  74  9:07  Overlord x2  
  74  9:48  Zergling x6  
  74  9:49  Zergling x10  
  74  9:50  Zergling x10  
  74  9:51  Zergling x6  
  90  10:00  Mutalisk  
  90  10:01  Mutalisk x2  
  90  10:06  Zerg Flyer Armor Level 1  
  96  10:08  Mutalisk x2  
  100  10:14  Queen  
  100  10:15  Queen  
  100  10:16  Extractor  
  100  10:17  Mutalisk  
  105  10:23  Mutalisk x3  
  111  10:29  Mutalisk  
  111  10:30  Mutalisk  
  111  10:32  Mutalisk  
  117  10:43  Mutalisk x2  
  117  10:44  Mutalisk x2  
  117  10:49  Mutalisk  
  125  10:51  Drone x3  
  125  10:52  Drone  
  125  10:54  Overlord  
  122  11:01  Mutalisk  
  122  11:02  Mutalisk  
  125  11:10  Mutalisk  
  127  11:13  Mutalisk  
  129  11:21  Mutalisk  
  131  11:25  Mutalisk  
  133  11:53  Baneling  
  133  11:54  Baneling x5  
  133  11:55  Baneling x13  
  133  11:57  Drone  
  133  11:58  Drone  
  135  12:24  Overlord x2  
  135  12:25  Overlord x6  
  135  12:26  Overlord  
  118  12:40  Mutalisk x2  
  120  12:58  Zergling x2  
  108  12:59  Zergling x2  
  51  13:18  Zergling x2  
Tags
 
Add a new tag
Caveats
  • Supply blocks, unpowered buildings, or Contaminate may cause inaccurate times.
  • Supply counts are checked every 10 seconds.